PCL
MILE HIGH BRONCOS @ GRESHAM GOLD SOULS
04/05/2024
 
TOP OF THE 1ST
Mile High Broncos batting - Pitching for Gresham Gold Souls : RHP John Bowden
Pitching: RHP John Bowden
Batting: RHB Juan Gonzáles 0-0: Ball
1-0: Foul Ball, location: 2F
1-1: Ball
2-1: Ball
3-1: Ground out 4-3 (Groundball, 4M)
Batting: RHB José Rodríguez 0-0: Foul Ball, location: 2F
0-1: Ball
1-1: Called Strike
1-2: Foul Ball, location: 2F
1-2: Ball
2-2: Ball
3-2: Foul Ball, location: 2F
3-2: Foul Ball, location: 2F
3-2: Base on Balls
Batting: RHB Juan Jose Guevana 0-0: Ball
1-0: Ball
2-0: Ball
3-0: Base on Balls
José Rodríguez to second
Batting: RHB António Martínez 0-0: SINGLE (Groundball, 4MD)
José Rodríguez to third
Juan Jose Guevana to second
Runner from 3rd tries for Home, SAFE, throw made home
Batting: LHB Bill Houston 0-0: Called Strike
0-1: Foul Ball, location: 2F
0-2: Foul Ball, location: 2F
0-2: Fly out, F8 (Flyball, 8LM)
Batting: RHB José Herrera 0-0: Ball
1-0: SINGLE (Line Drive, 4D)
Juan Jose Guevana to third
António Martínez to second
Runner from 3rd tries for Home, SAFE, no throw or cutoff
Batting: SHB Tom Stevens 0-0: Ball
1-0: Ball
2-0: Ball
3-0: Base on Balls
António Martínez to third
José Herrera to second
Batting: RHB Jung-ha Kim 0-0: Ball
1-0: Foul Ball, location: 2F
1-1: Foul Ball, location: 2F
1-2: GRAND SLAM HOME RUN (Flyball, 8LXD), Distance : 424 ft
Batting: RHB Mançio Delmage 0-0: Ball
1-0: Foul Ball, location: 2F
1-1: Ball
2-1: Ground out 5-3 (Groundball, 5S)
Top of the 1st over - 6 run(s), 3 hit(s), 0 error(s), 0 left on base; Mile High 6 - Gresham 0
BOTTOM OF THE 1ST
Gresham Gold Souls batting - Pitching for Mile High Broncos : RHP Bob Smith
Pitching: RHP Bob Smith
Batting: SHB Ryu Kichida 0-0: Ball
1-0: Ball
2-0: Hit by Pitch
Batting: SHB Sean Carr 0-0: Ground out U3 (Groundball, 3S)
Ryu Kichida to second
Batting: LHB Salvador Ruíz 0-0: Called Strike
0-1: Ball
1-1: Swinging Strike
1-2: Strikes out swinging
Batting: RHB Claudio Guerra 0-0: Ball
1-0: Ball
2-0: Called Strike
2-1: Foul Ball, location: 2F
2-2: Ball
3-2: Strikes out swinging
Bottom of the 1st over - 0 run(s), 0 hit(s), 0 error(s), 1 left on base; Mile High 6 - Gresham 0
TOP OF THE 2ND
Mile High Broncos batting - Pitching for Gresham Gold Souls : RHP John Bowden
Batting: RHB Juan Gonzáles 0-0: Foul Ball, location: 2F
0-1: Swinging Strike
0-2: SINGLE (Flyball, 7S)
Batting: RHB José Rodríguez 0-0: Called Strike
0-1: Swinging Strike
0-2: Ball
1-2: SINGLE (Groundball, 6M)
Juan Gonzáles to second
Runner from 2nd tries for 3rd, SAFE, throw made to third
Batting: RHB Juan Jose Guevana 0-0: Ball
1-0: Called Strike
1-1: Called Strike
1-2: Ball
2-2: Ball
3-2: SINGLE (Groundball, 25) (infield hit)
José Rodríguez to second
Batting: RHB António Martínez 0-0: Foul Ball, location: 2F
0-1: Ball
1-1: Swinging Strike
1-2: Strikes out looking
Batting: LHB Bill Houston 0-0: Called Strike
0-1: Ball
1-1: Ball
2-1: SINGLE (Line Drive, 34D)
Juan Gonzáles scores
José Rodríguez to third
Juan Jose Guevana to second
Batting: RHB José Herrera 0-0: Ball
1-0: Ball
2-0: Called Strike
2-1: Fly out, F7 (Flyball, 7D)
Runner from 3rd tags up, SCORES, no throw
Batting: SHB Tom Stevens 0-0: Called Strike
0-1: Ball
1-1: Ball
2-1: Foul Ball, location: 2F
2-2: Strikes out swinging
Top of the 2nd over - 2 run(s), 4 hit(s), 0 error(s), 2 left on base; Mile High 8 - Gresham 0
BOTTOM OF THE 2ND
Gresham Gold Souls batting - Pitching for Mile High Broncos : RHP Bob Smith
Batting: RHB Daniel Guerrero 0-0: SINGLE (Groundball, 4M) (infield hit)
Batting: RHB Lorenzo Guzmán 0-0: Called Strike
0-1: Ground out 4-3 (Groundball, 4M)
Daniel Guerrero to second
Batting: RHB Pablo Lucero 0-0: Called Strike
0-1: Foul Ball, location: 2F
0-2: Ground out 5-3 (Groundball, 56)
Batting: RHB Pablo Castillo 0-0: Foul Ball, location: 2F
0-1: Ball
1-1: Ball
2-1: Swinging Strike
2-2: Foul Ball, location: 2F
2-2: Foul Ball, location: 2F
2-2: Ground out 6-3 (Groundball, 6)
Bottom of the 2nd over - 0 run(s), 1 hit(s), 0 error(s), 1 left on base; Mile High 8 - Gresham 0
TOP OF THE 3RD
Mile High Broncos batting - Pitching for Gresham Gold Souls : RHP John Bowden
Batting: RHB Jung-ha Kim 0-0: Ball
1-0: Ball
2-0: Called Strike
2-1: Ground out 6-3 (Groundball, 6)
Batting: RHB Mançio Delmage 0-0: SINGLE (Line Drive, 78S)
Batting: RHB Juan Gonzáles 0-0: Ball
1-0: Ball
2-0: Reached on error, E1 (Groundball, 23)
Mançio Delmage to second
Batting: RHB José Rodríguez 0-0: Ball
1-0: Ball
2-0: Foul Ball, location: 2F
2-1: Swinging Strike
2-2: Ball
3-2: Foul Ball, location: 2F
3-2: Base on Balls
Mançio Delmage to third
Juan Gonzáles to second
Batting: RHB Juan Jose Guevana 0-0: Ball
1-0: Ball
2-0: Foul Ball, location: 2F
2-1: Foul Ball, location: 2F
2-2: Strikes out looking
Batting: RHB António Martínez 0-0: Hit by Pitch
Mançio Delmage scores
Juan Gonzáles to third
José Rodríguez to second
Pitching: RHP António Benítez
Batting: LHB Bill Houston 0-0: Fly out, F4 (Line Drive, 4)
Top of the 3rd over - 1 run(s), 1 hit(s), 1 error(s), 3 left on base; Mile High 9 - Gresham 0
BOTTOM OF THE 3RD
Gresham Gold Souls batting - Pitching for Mile High Broncos : RHP Bob Smith
Batting: RHB Jeff Thompson 0-0: Ball
1-0: Called Strike
1-1: Ball
2-1: Ball
3-1: Ground out 5-3 (Groundball, 15S)
Batting: SHB Ryu Kichida 0-0: Called Strike
0-1: Swinging Strike
0-2: Strikes out looking
Batting: SHB Sean Carr 0-0: Ball
1-0: Foul Ball, location: 2F
1-1: Swinging Strike
1-2: Ball
2-2: Fly out, F8 (Popup, 4MD)
Bottom of the 3rd over - 0 run(s), 0 hit(s), 0 error(s), 0 left on base; Mile High 9 - Gresham 0
TOP OF THE 4TH
Mile High Broncos batting - Pitching for Gresham Gold Souls : RHP António Benítez
Batting: RHB José Herrera 0-0: Ball
1-0: TRIPLE (Flyball, 89D)
Batting: SHB Tom Stevens 0-0: TRIPLE (Line Drive, 9LS)
José Herrera scores
Batting: RHB Jung-ha Kim 0-0: Foul Ball, location: 2F
0-1: Called Strike
0-2: Ball
1-2: Strikes out swinging
Batting: RHB Mançio Delmage 0-0: Ground out 4-3 (Groundball, 34)
Tom Stevens scores
Batting: RHB Juan Gonzáles 0-0: Ball
1-0: Ball
2-0: Called Strike
2-1: Ball
3-1: Called Strike
3-2: Base on Balls
Batting: RHB José Rodríguez 0-0: Called Strike
0-1: Ball
1-1: Called Strike
1-2: Fly out, F8 (Flyball, 78D)
Top of the 4th over - 2 run(s), 2 hit(s), 0 error(s), 1 left on base; Mile High 11 - Gresham 0
BOTTOM OF THE 4TH
Gresham Gold Souls batting - Pitching for Mile High Broncos : RHP Bob Smith
Batting: LHB Salvador Ruíz 0-0: Ball
1-0: Called Strike
1-1: Swinging Strike
1-2: Ball
2-2: Ground out 1-3 (Groundball, 13S)
Batting: RHB Claudio Guerra 0-0: Ball
1-0: SOLO HOME RUN (Flyball, 7LD), Distance : 358 ft
Batting: RHB Daniel Guerrero 0-0: Ball
1-0: Ball
2-0: Ball
3-0: Called Strike
3-1: Swinging Strike
3-2: Base on Balls
Batting: RHB Lorenzo Guzmán 0-0: Ball
1-0: Called Strike
1-1: SINGLE (Groundball, 4M)
Daniel Guerrero to second
Runner from 2nd tries for 3rd, SAFE, throw made to third
Batting: RHB Pablo Lucero 0-0: Foul Ball, location: 2F
0-1: Foul Ball, location: 2F
0-2: Foul Ball, location: 2F
0-2: Ball
1-2: Strikes out swinging
Batting: RHB Pablo Castillo 0-0: 3-RUN HOME RUN (Flyball, 8LXD), Distance : 415 ft
Batting: RHB Jeff Thompson 0-0: Swinging Strike
0-1: Swinging Strike
0-2: Ball
1-2: Ball
2-2: Ball
3-2: Base on Balls
Batting: SHB Ryu Kichida 0-0: Ball
1-0: Swinging Strike
1-1: Ball
2-1: Foul Ball, location: 2F
2-2: Ball
3-2: Strikes out swinging
Bottom of the 4th over - 4 run(s), 3 hit(s), 0 error(s), 1 left on base; Mile High 11 - Gresham 4
TOP OF THE 5TH
Mile High Broncos batting - Pitching for Gresham Gold Souls : RHP António Benítez
Batting: RHB Juan Jose Guevana 0-0: Ball
1-0: Swinging Strike
1-1: Called Strike
1-2: Strikes out swinging
Batting: RHB António Martínez 0-0: Called Strike
0-1: Called Strike
0-2: Foul Ball, location: 2F
0-2: Ball
1-2: Strikes out swinging
Batting: LHB Bill Houston 0-0: Ball
1-0: Called Strike
1-1: Ball
2-1: SINGLE (Line Drive, 89M)
Batting: RHB José Herrera 0-0: Ground out 5-3 (Groundball, 56S)
Top of the 5th over - 0 run(s), 1 hit(s), 0 error(s), 1 left on base; Mile High 11 - Gresham 4
BOTTOM OF THE 5TH
Gresham Gold Souls batting - Pitching for Mile High Broncos : RHP Bob Smith
Batting: SHB Sean Carr 0-0: Ball
1-0: Ball
2-0: Ground out 4-3 (Groundball, 4)
Batting: LHB Salvador Ruíz 0-0: Swinging Strike
0-1: Swinging Strike
0-2: Strikes out swinging
Batting: RHB Claudio Guerra 0-0: Ball
1-0: Ground out 1-3 (Groundball, 13)
Bottom of the 5th over - 0 run(s), 0 hit(s), 0 error(s), 0 left on base; Mile High 11 - Gresham 4
TOP OF THE 6TH
Mile High Broncos batting - Pitching for Gresham Gold Souls : RHP António Benítez
Batting: SHB Tom Stevens 0-0: Swinging Strike
0-1: Called Strike
0-2: Strikes out swinging
Batting: RHB Jung-ha Kim 0-0: Foul Ball, location: 2F
0-1: Ball
1-1: Called Strike
1-2: Foul Ball, location: 2F
1-2: Ball
2-2: Foul Ball, location: 2F
2-2: Strikes out swinging
Batting: RHB Mançio Delmage 0-0: Ball
1-0: Foul Ball, location: 2F
1-1: Foul Ball, location: 2F
1-2: Strikes out swinging
Top of the 6th over - 0 run(s), 0 hit(s), 0 error(s), 0 left on base; Mile High 11 - Gresham 4
BOTTOM OF THE 6TH
Gresham Gold Souls batting - Pitching for Mile High Broncos : RHP Bob Smith
Pitching: RHP Todd Clark
Batting: RHB Daniel Guerrero 0-0: Swinging Strike
0-1: Ball
1-1: Ball
2-1: Foul Ball, location: 2F
2-2: Strikes out swinging
Batting: RHB Lorenzo Guzmán 0-0: Foul Ball, location: 2F
0-1: Foul Ball, location: 2F
0-2: Ground out 4-3 (Groundball, 4)
Batting: RHB Pablo Lucero 0-0: Ball
1-0: Ball
2-0: Called Strike
2-1: Swinging Strike
2-2: Foul Ball, location: 2F
2-2: Strikes out swinging
Bottom of the 6th over - 0 run(s), 0 hit(s), 0 error(s), 0 left on base; Mile High 11 - Gresham 4
TOP OF THE 7TH
Mile High Broncos batting - Pitching for Gresham Gold Souls : RHP António Benítez
Pitching: RHP Butch Ramey
Batting: RHB Juan Gonzáles 0-0: Called Strike
0-1: Ball
1-1: Ball
2-1: Ball
3-1: Base on Balls
Batting: RHB José Rodríguez 0-0: SINGLE (Line Drive, 78S)
Juan Gonzáles to second
Batting: RHB Juan Jose Guevana 0-0: Swinging Strike
0-1: Ball
1-1: Ball
2-1: Called Strike
2-2: Foul Ball, location: 2F
2-2: Strikes out swinging
Batting: RHB António Martínez 0-0: Called Strike
0-1: Ball
1-1: Called Strike
1-2: Strikes out swinging
Batting: LHB Bill Houston 0-0: Called Strike
0-1: Ball
1-1: Called Strike
1-2: Strikes out swinging
Top of the 7th over - 0 run(s), 1 hit(s), 0 error(s), 2 left on base; Mile High 11 - Gresham 4
BOTTOM OF THE 7TH
Gresham Gold Souls batting - Pitching for Mile High Broncos : RHP Todd Clark
Batting: RHB Pablo Castillo 0-0: Ball
1-0: Ball
2-0: Ball
3-0: Base on Balls
Batting: RHB Jeff Thompson 0-0: Ball
1-0: Foul Ball, location: 2F
1-1: Fly out, F9 (Flyball, 9M)
Batting: SHB Ryu Kichida 0-0: Ball
1-0: Ball
2-0: Called Strike
2-1: Called Strike
2-2: Reached on error, E6 (Groundball, 6)
Pablo Castillo to second
Batting: SHB Sean Carr 0-0: Ball
1-0: Ball
2-0: Ball
3-0: Base on Balls
Pablo Castillo to third
Ryu Kichida to second
Batting: LHB Salvador Ruíz 0-0: Called Strike
0-1: Swinging Strike
0-2: Foul Ball, location: 2F
0-2: Strikes out swinging
Batting: RHB Claudio Guerra 0-0: Swinging Strike
0-1: Ball
1-1: Ball
2-1: Foul Ball, location: 2F
2-2: SINGLE (Line Drive, 6MD)
Pablo Castillo scores
Ryu Kichida to third
Sean Carr to second
Runner from 3rd tries for Home, throw and OUT!
Bottom of the 7th over - 1 run(s), 1 hit(s), 1 error(s), 2 left on base; Mile High 11 - Gresham 5
TOP OF THE 8TH
Mile High Broncos batting - Pitching for Gresham Gold Souls : RHP Butch Ramey
Batting: RHB José Herrera 0-0: Called Strike
0-1: Ball
1-1: Called Strike
1-2: Foul Ball, location: 2F
1-2: Foul Ball, location: 2F
1-2: Strikes out swinging
Batting: SHB Tom Stevens 0-0: Ball
1-0: Ball
2-0: Called Strike
2-1: Foul Ball, location: 2F
2-2: DOUBLE (Line Drive, 9M)
Batting: RHB Jung-ha Kim 0-0: Foul Ball, location: 2F
0-1: Ball
1-1: DOUBLE (Flyball, 8LD)
Tom Stevens scores
Batting: RHB Mançio Delmage 0-0: Reached on Error, E7 (Flyball, 78S)
Jung-ha Kim to third
Batting: RHB Juan Gonzáles 0-0: Ball
1-0: Called Strike
1-1: Called Strike
1-2: Foul Ball, location: 2F
1-2: Foul Ball, location: 2F
1-2: Foul Ball, location: 2F
1-2: Ball
2-2: Ball
3-2: Fly out, F9 (Flyball, 9LM)
3-2: Fly out, F9 (Flyball, 9LM)
Batting: RHB José Rodríguez 0-0: Ball
1-0: Ball
2-0: Called Strike
2-1: Ball
3-1: Fly out, F7 (Line Drive, 78XD)
Top of the 8th over - 1 run(s), 2 hit(s), 1 error(s), 2 left on base; Mile High 12 - Gresham 5
BOTTOM OF THE 8TH
Gresham Gold Souls batting - Pitching for Mile High Broncos : RHP Todd Clark
Pitching: RHP Ramón Soto
Batting: RHB Daniel Guerrero 0-0: Ball
1-0: Ball
2-0: Called Strike
2-1: Ball
3-1: Swinging Strike
3-2: Base on Balls
Batting: RHB Lorenzo Guzmán 0-0: Ball
1-0: Ball
2-0: DOUBLE (Line Drive, 7D)
Daniel Guerrero to third
Batting: RHB Pablo Lucero 0-0: Ball
1-0: Foul Ball, location: 2F
1-1: Swinging Strike
1-2: Fly out, F6 (Popup, 56D)
Batting: RHB Pablo Castillo 0-0: Called Strike
0-1: Ball
1-1: Ball
2-1: Called Strike
2-2: Foul Ball, location: 2F
2-2: Strikes out looking
Batting: RHB Jeff Thompson 0-0: Ball
1-0: Fly out, F6 (Popup, 6M)
Bottom of the 8th over - 0 run(s), 1 hit(s), 0 error(s), 2 left on base; Mile High 12 - Gresham 5
TOP OF THE 9TH
Mile High Broncos batting - Pitching for Gresham Gold Souls : RHP Butch Ramey
Batting: RHB Juan Jose Guevana 0-0: Called Strike
0-1: Called Strike
0-2: Ball
1-2: Ball
2-2: Ball
3-2: Ground out 5-3 (Groundball, 56)
Batting: RHB António Martínez 0-0: Swinging Strike
0-1: Called Strike
0-2: Ball
1-2: Strikes out swinging
Batting: LHB Bill Houston 0-0: Foul Ball, location: 2F
0-1: Ball
1-1: Foul Ball, location: 2F
1-2: Ball
2-2: Ball
3-2: Fly out, F6 (Popup, 6MD)
Top of the 9th over - 0 run(s), 0 hit(s), 0 error(s), 0 left on base; Mile High 12 - Gresham 5
BOTTOM OF THE 9TH
Gresham Gold Souls batting - Pitching for Mile High Broncos : RHP Ramón Soto
Now at SS: Vincente Ventura
Batting: SHB Ryu Kichida 0-0: Called Strike
0-1: Swinging Strike
0-2: Ball
1-2: Ball
2-2: Foul Ball, location: 2F
2-2: Ball
3-2: Base on Balls
Batting: SHB Sean Carr 0-0: Called Strike
0-1: Fly out, F4 (Popup, 89S)
Batting: LHB Salvador Ruíz 0-0: Ball
1-0: Ball
2-0: Ball
3-0: Called Strike
3-1: SINGLE (Groundball, 4M)
Ryu Kichida to second
Batting: RHB Claudio Guerra 0-0: Ball
1-0: Ball
2-0: Ball
3-0: Called Strike
3-1: Called Strike
3-2: Strikes out swinging
Batting: RHB Daniel Guerrero 0-0: SINGLE (Line Drive, 89M)
Ryu Kichida to third
Salvador Ruíz to second
Batting: RHB Lorenzo Guzmán 0-0: Called Strike
0-1: Ground out 4-3 (Groundball, 4)
Bottom of the 9th over - 0 run(s), 2 hit(s), 0 error(s), 3 left on base; Mile High 12 - Gresham 5
This league is powered by Out of the Park Baseball, the baseball management simulation game for PC, Mac and Linux
Saturday, April 9th, 2016 - OOTP Baseball 16.8 Build 38